Map: Dasan Station LE

Players

Gracz - Winner!

  • Race: Protoss Protoss
  • League: Silver

Bochola

  • Race: Zerg Zerg
  • League: Silver

VOD

Have the link to the VOD?

Description

Time

  • Played on: Sept. 30, 2016, 2:24 p.m.
  • Length: 5:28
Show
View Real Time Build Order
Export as new Build Order

Gracz Protoss - Winner!

Build Orders:  

Get SALT Encoding   

  12  0:01  Probe (Chrono Boost)  
  13  0:12  Probe (Chrono Boost)  
  14  0:22  Probe (Chrono Boost)  
  14  0:23  Pylon  
  15  0:41  Probe (Chrono Boost)  
  16  0:44  Assimilator  
  16  0:45  Pylon  
  16  0:52  Pylon, Probe (Chrono Boost)  
  17  1:08  Gateway  
  17  1:12  Gateway  
  18  1:18  Probe (Chrono Boost)  
  18  1:29  Probe (Chrono Boost)  
  19  1:37  Gateway  
  19  1:39  Probe (Chrono Boost)  
  20  1:50  Probe (Chrono Boost)  
  21  2:03  Cybernetics Core  
  21  2:08  Assimilator  
  21  2:12  Probe (Chrono Boost)  
  22  2:17  Gateway  
  23  2:23  Probe (Chrono Boost)  
  23  2:26  Pylon  
  23  2:27  Warp Gate  
  23  2:28  Pylon  
  23  2:44  Stalker x2  
  25  2:50  Sentry  
  29  2:56  Probe (Chrono Boost)  
  30  3:03  Stalker  
  32  3:47  Stalker x4  
  40  4:08  Mothership Core (Chrono Boost)  
  42  4:14  Nexus  
  37  4:17  Stalker  
  42  4:22  Pylon  
  42  4:39  Stalker x3  
Show
View Real Time Build Order
Export as new Build Order

Bochola Zerg 

Build Orders: Pool First 

Get SALT Encoding   

  12  0:02  Drone  
  13  0:08  Drone  
  14  0:17  Overlord  
  14  0:37  Spawning Pool  
  14  0:38  Drone  
  14  0:40  Drone  
  15  0:46  Drone  
  16  0:52  Extractor  
  16  0:54  Drone  
  16  1:00  Drone  
  17  1:11  Drone  
  18  1:22  Drone  
  18  1:24  Queen  
  21  1:38  Spore Crawler  
  20  1:40  Drone  
  21  1:47  Overlord  
  21  1:52  Extractor  
  20  1:54  Drone  
  21  2:07  Drone, Hatchery  
  21  2:11  Lair  
  21  2:18  Drone  
  22  2:26  Spine Crawler  
  22  2:27  Drone  
  22  2:37  Zergling x2  
  23  2:45  Drone  
  23  2:46  Drone  
  23  2:49  Zergling x2  
  26  2:54  Overlord  
  26  3:16  Hydralisk Den  
  25  3:21  Spire  
  25  3:22  Drone x2  
  25  3:26  Queen  
  28  3:28  Drone  
  29  3:37  Zergling x2  
  29  3:38  Zergling x4  
  31  3:44  Zergling x2  
  31  3:48  Hydralisk  
  31  3:55  Hydralisk  
  32  4:06  Hydralisk x2  
  36  4:16  Hydralisk  
  38  4:25  Drone  
  38  4:26  Drone x2  
  39  4:40  Queen  
  41  4:55  Hydralisk  
Tags
 
Add a new tag
Caveats
  • Supply blocks, unpowered buildings, or Contaminate may cause inaccurate times.
  • Supply counts are checked every 10 seconds.